 Dungeon Crawl Stone Soup version 0.20-a0-303-g575bbf7 (webtiles) character file.

30 snakesoul the Vexing (level 3, 0/24 HPs)
             Began as a Vampire Enchanter on Dec 17, 2016.
             Succumbed to an adder's poison
             ... on level 2 of the Dungeon.
             The game lasted 00:01:38 (862 turns).

snakesoul the Vexing (Vampire Enchanter)             Turns: 862, Time: 00:01:39

Health: 0/24       AC:  4    Str:  7    XL:     3   Next: 5%
Magic:  6/6        EV: 12    Int: 17    God:
Gold:   76         SH:  0    Dex: 15    Spells: 5/6 levels left

rFire  . . .     SeeInvis +     a - +1 dagger
rCold  . . .     Gourm    .     i - +0 leather armour
rNeg   + . .     Faith    .     (no shield)
rPois  .         Spirit   .     j - +0 helmet
rElec  .         Reflect  .     (no cloak)
rCorr  .         Harm     .     (no gloves)
MR     .....                    (no boots)
Stlth  +++.......               (no amulet)
                                (no ring)
                                (no ring)

@: lethally poisoned (0 -> -13)
A: fangs 3, see invisible, unbreathing
a: Bat Form


You were on level 2 of the Dungeon.
You were not thirsty.

You visited 1 branch of the dungeon, and saw 2 of its levels.

You collected 76 gold pieces.

Inventory:

Hand Weapons
 a - a +1 dagger (weapon)
Armour
 b - a +1 robe
 i - a +0 leather armour (worn)
 j - a +0 helmet (worn)
Jewellery
 k - a cursed -3 ring of dexterity {unknown}
Scrolls
 e - a scroll of magic mapping {unknown}
 f - 3 scrolls of identify {unknown}
 g - a scroll of enchant armour {unknown}
 h - 2 scrolls of recharging {unknown}
 l - a scroll of remove curse {unknown}
Potions
 d - 6 potions of blood
Books
 c - a book of Maledictions

   Spells                             Type                      Level
   a - Corona                         Hexes                        1
   b - Ensorcelled Hibernation        Hexes/Ice                    2
   c - Confuse                        Hexes                        3
   d - Tukima's Dance                 Hexes                        3
   e - Dazzling Spray                 Conjuration/Hexes            3


   Skills:
 + Level 2.0 Short Blades
 - Level 2.1 Dodging
 + Level 4.8 Stealth
 + Level 2.3 Spellcasting
 + Level 4.9 Hexes


You had 5 spell levels left.
You knew the following spells:

 Your Spells              Type           Power        Failure   Level  Hunger
a - Corona                Hex            ###....      3%          1    #......


Dungeon Overview and Level Annotations

Branches:
Dungeon (2/15)

Altars:
Makhleb


Innate Abilities, Weirdness & Mutations

You have razor-sharp teeth.
You have supernaturally acute eyesight. (SInv)
You can survive without breathing.


Message History

The adder is almost dead.
* * * LOW HITPOINT WARNING * * *
You feel sick. The adder bites you but does no damage.
The adder hisses angrily.
You hit the adder.
The adder is almost dead.
* * * LOW HITPOINT WARNING * * *
You feel sick. The adder barely misses you.
Unknown command.
You hit the adder.
You kill the adder!
Your Short Blades skill increases to level 2!
You have reached level 3!
Your experience leads to an increase in your attributes!
Increase (S)trength, (I)ntelligence, or (D)exterity?
You feel agile.
You can now transform into a vampire bat.
* * * LOW HITPOINT WARNING * * *
You feel sick.
The goblin shoots a stone.
The stone barely misses you.
You die...

#.# ####.###
#......#
#.#....# . # #
#....# .## #.
#.#....# <.. #.#
#.#.##.# #.#
#.## #......#
..###.#####@####
#.#.S..g...#
#r.#.######
#.#.#..#
#.#...#.#
#$$!#..#.#
#.#.#.#.#.#
#.#.#.#..#.#
#..#.# ..#.#


You could see an adder and a goblin.

Vanquished Creatures
  2 adders (D:2)
  A dart slug (D:1)
  A giant cockroach (D:1)
  2 hobgoblins (D:1)
  A bat (D:2)
  2 frilled lizards (D:1)
  A goblin (D:1)
  2 kobolds
  2 rats (D:1)
14 creatures vanquished.

Notes
Turn   | Place    | Note
-------+----------+-------------------------------------------
     0 | D:1      | snakesoul the Vampire Enchanter began the quest for the Orb.
     0 | D:1      | Reached XP level 1. HP: 13/13 MP: 3/3
   278 | D:1      | Reached XP level 2. HP: 19/19 MP: 5/5
   758 | D:2      | Found a burning altar of Makhleb.
   861 | D:2      | Reached XP level 3. HP: 2/24 MP: 6/6
   861 | D:2      | HP: 1/24 [poisoned by an adder]
   862 | D:2      | Succumbed to an adder's poison

Vault maps used:
D:1:      minmay_arrival_four_loops, minmay_domino_2
D:2:      lemuel_round_altar, fedhas_altar_1, minitemple, minmay_tiny_reverse_x

Skill      XL: |  1  2 |
---------------+-------+-----
Short Blades   | 2 |  2.0
Dodging        | |  2.1
Stealth        | |  4.8
Spellcasting   | |  2.3
Hexes          | |  4.9

Action                   || total
-------------------------++-------
Melee: Dagger            ||    35
       Bite              ||     2
 Stab: Sleeping          ||     9
Armor: Robe              ||     2
       Leather armour    ||     2
Dodge: Dodged            ||    14
